 Dungeon Crawl Stone Soup version 0.30-b1-2-g02819fbbbe (webtiles) character file.

Game seed: 5069843165459812608

13 Alarkh the Charlatan (level 2, 23/23 HPs)
             Began as a Demonspawn Artificer on Nov 24, 2023.
             Got out of the dungeon alive.
             The game lasted 00:00:32 (368 turns).

Alarkh the Charlatan (Demonspawn Artificer)          Turns: 368, Time: 00:00:33

Health: 23/23      AC:  3    Str: 12    XL:     2   Next: 24%
Magic:  2/2        EV: 11    Int: 12    God:
Gold:   17         SH:  0    Dex: 13    Spells: 1/1 levels left

rFire   . . .        a - +0 dagger
rCold   . . .        (no shield)
rNeg    . . .        b - +0 leather armour
rPois   .            (helmet restricted)
rElec   .            (no cloak)
rCorr   .            (no gloves)
SInv    .            (no boots)
Will    .....        (no amulet)
Stlth   +            (no ring)
HPRegen 0.23/turn    (no ring)
MPRegen 0.08/turn

%: no passive effects
@: no status effects
A: horns 1
a: no special abilities


You escaped.
You visited 1 branch of the dungeon, and saw 1 of its levels.

You collected 17 gold pieces.

Inventory:

Hand Weapons
 a - a +0 dagger (weapon)
Armour
 b - a +0 leather armour (worn)
Wands
 c - a wand of flame (15) (quivered)
 d - a wand of charming (15)
 e - a wand of iceblast (5)
Scrolls
 f - a scroll of poison {unknown}
 g - a scroll of blinking {unknown}
Potions
 h - a potion of lignification {unknown}


   Skills:
 + Level 2.3 Fighting
 - Level 1.7 Armour
 - Level 0.8 Dodging
 - Level 0.8 Stealth
 - Level 3.0 Evocations


You had one spell level left.
You didn't know any spells.
Your spell library was empty.

Dungeon Overview and Level Annotations

Branches:
Dungeon (1/15)

Altars:


Innate Abilities, Weirdness & Mutations

You have a pair of small horns on your head.


Message History

A ball python and a dart slug come into view.
You hit the endoplasm but do no damage.
The endoplasm hits you but does no damage.
You hit the endoplasm.
The endoplasm is heavily wounded.
The ball python hisses angrily.
The endoplasm barely misses you.
You hit the endoplasm.
The endoplasm is severely wounded.
The endoplasm freezes you.
You are frozen.
You hit the endoplasm.
You kill the endoplasm!
The dart slug launches a dart at you. The slug dart misses you.
The endoplasm hits you but does no damage.
You have reached level 2!
Your demonic ancestry asserts itself...
A pair of horns grows on your head!
You hit the endoplasm. You headbutt the endoplasm.
You kill the endoplasm!
You closely miss the ball python. The ball python bites you.
The ball python grabs you. The ball python constricts you.
You hit the ball python. You headbutt the ball python.
You kill the ball python!
The dart slug launches a dart at you. The slug dart misses you.
You see here a ball python corpse.
You hit the dart slug.
You headbutt the dart slug, but do no damage.
The dart slug is lightly wounded.
The dart slug bites you but does no damage.
You hit the dart slug. You headbutt the dart slug.
You kill the dart slug!
You see here a dart slug corpse.
You see here a hobgoblin corpse.
There is an escape hatch in the floor here.
There is a staircase leading out of the dungeon here.
Are you sure you want to leave the Dungeon?
This will make you lose the game!
You have escaped!

#.#.#.# ......# # .#
####### .#####.♣♣.
##. # ...∩.♣..♣♣§§ #§
# ♣.♣.♣8.8§♣ §§ #
#♣♣.♣8..☼8♣§♣ # #
♣.♣.8..⌠..8§♣ #
#.♣.♣8.......8♣ #
#......⌠.@.⌠..♣♣ #
##♣♣.8.......8.♣ #
♣.♣♣8..⌠..8.♣.. #
#.♣♣.8...8♣.♣
##########♣☼♣.♣8.8.♣
..
..........☼§.♣♣.♣.♣.♣
##
######.##.☼..§♣.♣♣.##
# #.##.#☼###.# ##
######.##.#.# #.#


There were no monsters in sight!

Vanquished Creatures
  A dart slug (D:1)
  3 endoplasms (D:1)
  A goblin (D:1)
  2 hobgoblins (D:1)
  A ball python (D:1)
  2 rats (D:1)
10 creatures vanquished.

Notes
Turn   | Place    | Note
-------+----------+-------------------------------------------
     0 | D:1      | Alarkh the Demonspawn Artificer began the quest for the
                  | Orb.
     0 | D:1      | Reached XP level 1. HP: 15/15 MP: 1/1
   293 | D:1      | Gained mutation: You have a pair of small horns on your
                  | head. [demonic ancestry]
   293 | D:1      | Reached XP level 2. HP: 16/22 MP: 2/2
   368 | D:$      | Got out of the dungeon alive.

Illustrated notes

Levels and vault maps discovered:
D:1:      heliophobic_arrival_enchanted_forest, layout_loops_ring, serial_shops,
          nicolae_diamond_shop, serial_glass, glass_columns_c, glass_columns_a,
          glass_columns_a, glass_columns_c, glass_columns_c, glass_columns_c,
          minmay_misc_feat_more_columns

Skill      XL: |  1 |
---------------+----+-----
Fighting       | 2 |  2.3
Armour         | |  1.7
Dodging        | |  0.8
Stealth        | |  0.8
Evocations     | |  3.0

Action                     || total
---------------------------++-------
  Melee: Dagger            ||    25
         Club              ||     7
         Headbutt          ||     4
   Stab: Sleeping          ||     2
 Armour: Leather armour    ||     4
  Dodge: Dodged            ||    15
